 Dungeon Crawl Stone Soup version 0.29-a0-297-g7659ce593d (webtiles) character file.

Game seed: 15764424088036682200

6728 Ajdolov the Whirler (level 10, 0/46 HPs)
             Began as a Spriggan Hunter on Mar 21, 2022.
             Was an Initiate of Hepliaklqana.
             Slain by a centaur warrior
             ... wielding a +2 mace of venom
              (15 damage)
             ... on level 9 of the Dungeon.
             The game lasted 00:25:47 (11370 turns).

Ajdolov the Whirler (Spriggan Hunter)              Turns: 11370, Time: 00:25:48

Health: 0/46       AC: 10    Str:  7    XL:     10   Next: 75%
Magic:  11/11      EV: 26    Int: 11    God:    Hepliaklqana [......]
Gold:   1103       SH:  0    Dex: 23    Spells: 9/9 levels left

rFire   . . .      SeeInvis +   a - +1 hunting sling
rCold   . . .      Faith    .   (no shield)
rNeg    . . .      Spirit   .   I - +0 steam dragon scales
rPois   .          Reflect  .   (helmet restricted)
rElec   .          Harm     .   x - +0 cloak
rCorr   .          Rampage  .   (gloves unavailable)
Will    +....                   (boots unavailable)
Stlth   +++++.....              (no amulet)
HPRegen 0.15/turn               r - +4 ring of protection
MPRegen 0.12/turn               (no ring)

@: very quick
A: very small, no large weapons, unfitting armour, see invisible, speed 3
a: Renounce Religion


You were on level 9 of the Dungeon.
You worshipped Hepliaklqana.
Hepliaklqana was noncommittal.
You visited 2 branches of the dungeon, and saw 10 of its levels.
You also visited: Sewer and Bailey.

You collected 1103 gold pieces.

Inventory:

Hand Weapons
 a - a +1 hunting sling (weapon)
Missiles
 b - 15 curare-tipped darts (quivered)
 C - 14 poisoned darts
 L - 4 datura-tipped darts
 N - an atropa-tipped dart
Armour
 x - a +0 cloak (worn)
 I - +0 steam dragon scales (worn)
Jewellery
 r - a +4 ring of protection (left hand)
 w - a ring of ice
 O - a ring of fire
Wands
 o - a wand of polymorph (16)
 D - a wand of iceblast (7)
 K - a wand of charming (8)
 M - a wand of digging (6)
Scrolls
 c - a scroll of immolation
 d - a scroll of enchant weapon {unknown}
 i - 2 scrolls of teleportation
 l - a scroll of noise {unknown}
 n - 2 scrolls of silence
 p - a scroll of amnesia {unknown}
 q - a scroll of blinking {unknown}
 s - 2 scrolls of vulnerability {unknown}
 u - 3 scrolls of brand weapon
 y - a scroll of holy word {unknown}
 A - 2 scrolls of magic mapping {unknown}
 B - a scroll of enchant armour {unknown}
 G - a scroll of summoning {unknown}
 H - 2 scrolls of fog
Potions
 e - a potion of ambrosia {unknown}
 f - a potion of lignification {unknown}
 g - 3 potions of curing
 j - 3 potions of might {unknown}
 k - 2 potions of degeneration {unknown}
 m - 4 potions of heal wounds
 t - a potion of cancellation {unknown}
 v - 3 potions of attraction {unknown}
 z - 3 potions of berserk rage {unknown}
 E - 2 potions of resistance {unknown}
 F - 2 potions of haste {unknown}
 J - a potion of brilliance {unknown}
Miscellaneous
 h - a phial of floods


   Skills:
 - Level 1.5 Fighting
 * Level 15.8 Slings
 * Level 9.3 Dodging
 - Level 12.0 Stealth


You had 9 spell levels left.
You didn't know any spells.
Your spell library contained the following spells:

 Spells                   Type           Power      Damage    Failure   Level
 Animate Skeleton         Necr           0%         N/A       34%         1
 Apportation              Tloc           0%         N/A       34%         1
 Foxfire                  Conj/Fire      0%         2x1d4     34%         1
 Sandblast                Erth           0%         2d4       34%         1
 Summon Small Mammal      Summ           0%         N/A       34%         1
 Passwall                 Tmut/Erth      0%         N/A       47%         2
 Static Discharge         Conj/Air       0%         N/A       47%         2
 Sublimation of Blood     Necr           0%         N/A       47%         2
 Wereblood                Tmut           0%         N/A       47%         2
 Conjure Flame            Conj/Fire      0%         6-21      71%         3
 Gell's Gravitas          Tloc           0%         N/A       71%         3
 Inner Flame              Hex/Fire       0%         N/A       71%         3
 Stone Arrow              Conj/Erth      0%         3d7       71%         3
 Teleport Other           Tloc           0%         N/A       71%         3
 Dispel Undead            Necr           0%         3d6       98%         4
 Flame Wave               Conj/Fire      0%         2d4       98%         4
 Sticky Flame             Conj/Fire      0%         2d3       98%         4
 Dispersal                Tloc           0%         N/A       100%        6
 Summon Hydra             Summ           0%         N/A       100%        7


Dungeon Overview and Level Annotations

Branches:
Dungeon (9/15)             Temple (1/1) D:7           Sewer (visited)
 Bailey (visited)
   Lair: D:8-11         Orc: D:9-12

Altars:
Cheibriados
Fedhas
Gozag
Hepliaklqana
Makhleb
Nemelex Xobeh
Qazlal
Sif Muna
Uskayaw
Wu Jian
Xom
Yredelemnul
Zin

Annotations:
D:4 2 transporters, epen's ghost, novice GnHu
D:6 1 runed translucent door, Crazy Yiuf


Innate Abilities, Weirdness & Mutations

You are very small and have problems with some larger weapons.
You are too small for most types of armour.
You have supernaturally acute eyesight. (SInv)
You cover ground extremely quickly. (Speed+++)


Message History

You feel very sick.
You feel better.
The centaur warrior hits you with a +2 mace of venom!
You are poisoned.
The centaur warrior kicks you but does no damage.
* * * LOW HITPOINT WARNING * * *
You feel sick.
The centaur warrior unwields a +2 mace of venom.
It stops dripping with poison.
The centaur warrior wields a +0 shortbow.
The centaur warrior shoots an arrow.
The arrow misses you.
* * * LOW HITPOINT WARNING * * *
You feel sick.
You feel sick.
You feel sick.
You feel sick.
You feel sick.
You feel sick.
You feel sick.
You feel sick.
You feel sick.
You feel sick.
You start resting.
You feel sick.
You are no longer poisoned.
You start resting.
A centaur warrior is nearby!
Okay, then.
Press: ? - help, v - describe, . - travel
Here: a centaur warrior, wielding a +0 shortbow and quivering javelins (wandering, hasn't noticed you)
The floor.
Unknown command.
Okay, then.
A cyclops is nearby!
The centaur warrior shouts!
The centaur warrior shoots an arrow.
The arrow hits you!
The centaur warrior unwields a +0 shortbow.
The centaur warrior wields a +2 mace of venom.
It begins to drip with poison!
The centaur warrior hits you with a +2 mace of venom!
You die...

#######.......#####.......
........#####....#####...#
#######.# #....#.........#
........# #......######...
###..##.# #...#.## #.##
#.....#####.#.# #.#
#.###....[..#.# #.#
##.######c.###.# #.#
........@..###.#######.##
...#...:................
......(....###.#######.#
#...#(.....# #.#.......##
##. #......# #.#.########
. ###.#..###.#<########
........รท.#........>
.##.#..##..##########
#.#.###..# #


You could see a centaur warrior.

Vanquished Creatures
  Pikel (D:6)
  An orc knight (Bailey)
  Maggie (D:6)
  2 wyverns
  4 yaks
  Eustachio (D:5)
  A steam dragon (D:9)
  An acid dragon (D:9)
  3 black bears
  4 sky beasts
  7 orc warriors
  2 ice beasts
  3 centaurs
  4 lemures (D:6)
  2 phantoms
  11 kobold brigands
  3 bullfrogs
  A necrophage (D:8)
  A gnoll sergeant (D:9)
  2 scorpions
  5 killer bees (D:9)
  5 howler monkeys
  A hound (D:5)
  4 orc priests
  2 jellies
  4 gnoll shamans
  2 iguanas
  2 orc wizards
  21 gnolls
  5 adders
  5 river rats (Sewer)
  A shadow imp (D:6)
  2 white imps
  2 ufetubi
  4 worms
  12 dart slugs
  9 orcs
  14 endoplasms
  3 giant cockroaches
  8 goblins
  7 hobgoblins
  2 jackals (D:3)
  2 quokkas (D:4)
  8 ball pythons
  5 bats
  15 frilled lizards
  19 kobolds
  17 rats
241 creatures vanquished.

Vanquished Creatures (others)
  5 plants (D:3)
5 creatures vanquished.

Grand Total: 246 creatures vanquished

Notes
Turn   | Place    | Note
-------+----------+-------------------------------------------
     0 | D:1      | Ajdolov the Spriggan Hunter began the quest for the Orb.
     0 | D:1      | Reached XP level 1. HP: 10/10 MP: 2/2
    42 | D:1      | Reached skill level 5 in Slings
   144 | D:1      | Reached XP level 2. HP: 14/14 MP: 3/3
   195 | D:1      | Found a faded altar of an unknown god.
   642 | D:2      | Reached XP level 3. HP: 18/18 MP: 4/4
   800 | D:2      | Reached skill level 6 in Slings
   843 | D:2      | Reached XP level 4. HP: 22/22 MP: 5/5
  2117 | D:4      | Reached XP level 5. HP: 23/25 MP: 6/6
  2317 | D:4      | Reached skill level 7 in Slings
  2535 | D:4      | Found a transporter.
  2584 | D:4      | Identified the +1 ring mail "Apoinur" {rC+ Will+ Dex-2}
  2628 | D:4      | Reached skill level 5 in Stealth
  2738 | D:4      | Noticed epen's ghost (novice GnHu)
  2739 | D:4      | Noticed a phantom
  2866 | D:4      | Found a transporter.
  3071 | D:4      | Reached XP level 6. HP: 30/30 MP: 7/7
  3152 | D:5      | Entered Level 5 of the Dungeon
  3262 | D:5      | Reached skill level 8 in Slings
  3296 | D:5      | Noticed an ice beast
  3862 | D:5      | Killed an ice beast
  3863 | D:5      | Reached XP level 7. HP: 33/33 MP: 8/8
  3898 | D:5      | Reached skill level 9 in Slings
  4120 | D:5      | Noticed Eustachio
  4253 | D:5      | Killed Eustachio
  4614 | D:6      | Noticed Pikel
  4650 | D:6      | Found a glowing drain.
  4676 | Sewer    | Entered a sewer
  4752 | Sewer    | Reached skill level 10 in Slings
  4962 | Sewer    | Reached XP level 8. HP: 37/37 MP: 9/9
  5452 | D:6      | Reached skill level 11 in Slings
  5841 | D:6      | Noticed Maggie
  6133 | D:6      | Killed Pikel
  6134 | D:6      | Reached skill level 12 in Slings
  6134 | D:6      | Reached skill level 10 in Stealth
  6383 | D:6      | Reached XP level 9. HP: 41/41 MP: 10/10
  6562 | D:6      | Killed Maggie
  6563 | D:6      | Reached skill level 13 in Slings
  6854 | D:6      | Found a runed translucent door.
  6855 | D:6      | Noticed Crazy Yiuf
  7601 | D:7      | Found a staircase to the Ecumenical Temple.
  7753 | D:7      | Reached skill level 14 in Slings
  8179 | D:8      | Found a flagged portal.
  8190 | Bailey   | Entered a bailey
  8388 | Bailey   | Reached skill level 5 in Dodging
  8495 | Bailey   | Reached XP level 10. HP: 46/46 MP: 11/11
  8597 | Bailey   | Noticed an orc knight
  8654 | Bailey   | Killed an orc knight
  8738 | Bailey   | Found an iron altar of Okawaru.
  8949 | D:8      | Reached skill level 15 in Slings
  9030 | D:8      | Found a sparkling altar of Nemelex Xobeh.
  9497 | D:9      | Found a basalt altar of Yredelemnul.
  9958 | Temple   | Entered the Ecumenical Temple
 10040 | Temple   | Became a worshipper of Hepliaklqana the Forgotten
 10120 | D:9      | Noticed a cyclops
 10891 | D:9      | Noticed a centaur warrior
 11162 | D:9      | HP: 2/46 [poisoned by a centaur warrior]
 11370 | D:9      | Slain by a centaur warrior

Illustrated notes

Levels and vault maps discovered:
D:1:      heliophobic_arrival_henge, layout_loops_ring,
          hellmonk_ecumenical_altar_inner_sanctum
D:2:      layout_rooms
D:3:      layout_basic, minmay_lizard_king
D:4:      kennysheep_slugbush, layout_loops_cross, gammafunk_ghost_arena
D:5:      layout_basic, uniq_eustachio
D:6:      layout_basic, portal_sewer_entry_b, uniq_crazy_yiuf_cottage,
          uniq_maggie, uniq_pikel
D:7:      layout_loops_ring, minmay_temple_entry_from_below_a
D:8:      layout_loops_ring, nemelex_diamond_rough_becter, enter_bailey_3
D:9:      layout_loops_ring, mainiacjoe_overflow_alcove_2,
          minmay_misc_feat_ornament
Temple:   eino_temple_scatter_basement

Skill      XL: |  1  2  3  4  5  6  7  8  9 10 |
---------------+-------------------------------+-----
Slings         | 5 6 7 8 10 12 14 15 | 15.8
Stealth        | 2 3 4 5 6 8 10 12 | 12.0
Dodging        | 5 9 |  9.3
Fighting       | |  1.5

Action                   |  1- 3 |  4- 6 |  7- 9 | 10-12 || total
-------------------------+-------+-------+-------+-------++-------
 Fire: Hunting sling     |    82 |   263 |   699 |   274 ||  1318
Throw: Dart              |       |       |    14 |    25 ||    39
  Use: Scroll            |       |       |     2 |     4 ||     6
       Potion            |       |       |       |     1 ||     1
Armor: Robe              |       |     9 |    19 |       ||    28
       Steam dragon scal |       |       |    13 |    15 ||    28
Dodge: Dodged            |    15 |    56 |   142 |   117 ||   330

Table legend: (Time is in decaauts)
 A = Elapsed time spent in this place.
 B = Non-inter-level travel time spent in this place.
 C = Inter-level travel time spent in this place.
 D = Time resting spent in this place.
 E = Time spent auto-exploring this place.
 F = Levels seen in this place.
 G = Mean time per level.
                   A        B        C        D        E       F      G
               +--------+--------+--------+--------+--------+-----+--------+
         Total |   8501 |   8141 |    360 |   1628 |   3973 |  12 |  708.4 |
       Dungeon |   7262 |   6913 |    349 |   1478 |   3435 |   9 |  806.9 |
        Temple |     62 |     52 |     10 |      0 |     39 |   1 |   62.0 |
         Sewer |    705 |    705 |      0 |      0 |    471 |   1 |  705.0 |
        Bailey |    471 |    471 |      0 |    149 |     27 |   1 |  471.0 |
               +--------+--------+--------+--------+--------+-----+--------+

Top non-repeatable levels by time:
     D:6: 1435 daAuts
     D:9: 1213 daAuts
     D:5: 928 daAuts
     D:3: 849 daAuts
     D:4: 725 daAuts
   Sewer: 705 daAuts
     D:7: 704 daAuts
     D:8: 619 daAuts
  Bailey: 471 daAuts
     D:1: 464 daAuts
     D:2: 320 daAuts
  Temple: 62 daAuts
